ABL
CRONULLA SHARKS @ CARLTON BLUES
07/08/2022
 
TOP OF THE 1ST
Cronulla Sharks batting - Pitching for Carlton Blues : RHP Mark Finlay
Pitching: RHP Mark Finlay
Batting: LHB Nick Jeffcoate 0-0: Ball
1-0: Ball
2-0: SINGLE (Groundball, 6M, EV 103.8 MPH) (infield hit)
Batting: RHB Sloan Windus 0-0: Ball
1-0: Swinging Strike
1-1: Ball
2-1: SINGLE (Line Drive, 9S, EV 103.8 MPH)
Nick Jeffcoate to second
Batting: LHB Bill Gower 0-0: Ball
1-0: Fly out, F8 (Flyball, 89M, EV 89.4 MPH)
Batting: RHB Asa Thatcher 0-0: Ball
1-0: Ball
2-0: Fly out, F9 (Flyball, 9, EV 94.4 MPH)
Runner from 2nd tags up, SAFE at 3rd with throw by RF
Batting: RHB Mark Ryan 0-0: Called Strike
0-1: Ball
1-1: Foul Ball, location: 9LSF
1-2: Fly out, F8 (Flyball, 8LD, EV 91.9 MPH)
Top of the 1st over - 0 runs, 2 hits, 0 errors, 2 left on base; Cronulla 0 - Carlton 0
BOTTOM OF THE 1ST
Carlton Blues batting - Pitching for Cronulla Sharks : RHP Cavill Stupples
Pitching: RHP Cavill Stupples
Batting: LHB Cane Walburn 0-0: Called Strike
0-1: Called Strike
0-2: Foul Ball, location: 2F
0-2: Foul Ball, location: 7LSF
0-2: Ball
1-2: Strikes out swinging
Batting: RHB Ben Brennan 0-0: Ball
1-0: Foul Ball, location: 5DF
1-1: Fly out, F3 (Popup, 3S, EV 84.4 MPH)
Batting: LHB Michael Morrall 0-0: Called Strike
0-1: Ball
1-1: Ball
2-1: DOUBLE (Groundball, 3L, EV 107.5 MPH)
Batting: LHB Chris McFadgean 0-0: Ball
1-0: Ball
2-0: Called Strike
2-1: Swinging Strike
2-2: Fly out, F7 (Flyball, 7, EV 90.0 MPH)
Bottom of the 1st over - 0 runs, 1 hit, 0 errors, 1 left on base; Cronulla 0 - Carlton 0
TOP OF THE 2ND
Cronulla Sharks batting - Pitching for Carlton Blues : RHP Mark Finlay
Batting: RHB Ollie Bullivant 0-0: Foul Ball, location: 2F
0-1: Ball
1-1: Called Strike
1-2: Ground out 6-3 (Groundball, 6, EV 104.4 MPH)
Batting: SHB Tony Alvarado 0-0: Called Strike
0-1: Called Strike
0-2: Strikes out swinging, 2-3 out at first.
Batting: SHB Bruno Collick 0-0: Called Strike
0-1: Called Strike
0-2: Ball
1-2: Foul Ball, location: 2F
1-2: Ball
2-2: Ball
3-2: Base on Balls
Batting: RHB Cavill Stupples 0-0: Ball
1-0: Fielders Choice at 2nd, 6-4 (Groundball, 6, EV 85.0 MPH)
Top of the 2nd over - 0 runs, 0 hits, 0 errors, 1 left on base; Cronulla 0 - Carlton 0
BOTTOM OF THE 2ND
Carlton Blues batting - Pitching for Cronulla Sharks : RHP Cavill Stupples
Batting: RHB Nick Camira 0-0: Called Strike
0-1: Ball
1-1: Ball
2-1: Called Strike
2-2: SINGLE (Line Drive, 6M, EV 97.5 MPH)
Batting: LHB Hau Kapena 0-0: Ball
1-0: Foul Ball, location: 2F
1-1: Foul Ball, location: 2F
1-2: Ball
2-2: Ball
3-2: SINGLE (Line Drive, 8RS, EV 103.8 MPH)
Nick Camira to second
Batting: LHB Brant Rice 0-0: Ball
1-0: Ball
2-0: Ball
3-0: Called Strike
3-1: Foul Ball, location: 7LMF
3-2: Base on Balls
Nick Camira to third
Hau Kapena to second
Batting: RHB Donny Creaser 0-0: Ball
1-0: Ball
2-0: Foul Ball, location: 7LSFF
2-1: Foul Ball, location: 9LMF
2-2: Strikes out swinging
Batting: SHB Mark Finlay 0-0: Ball
1-0: Foul Ball, location: 7LDF
1-1: Ball
2-1: Ball
3-1: Called Strike
3-2: Foul Ball, location: 2F
3-2: Strikes out swinging
Batting: LHB Cane Walburn 0-0: Ground out U3 (Groundball, 34, EV 83.1 MPH)
Bottom of the 2nd over - 0 runs, 2 hits, 0 errors, 3 left on base; Cronulla 0 - Carlton 0
TOP OF THE 3RD
Cronulla Sharks batting - Pitching for Carlton Blues : RHP Mark Finlay
Batting: LHB Nick Jeffcoate 0-0: Ground out 6-3 (Groundball, 6, EV 90.0 MPH)
Batting: RHB Sloan Windus 0-0: Called Strike
0-1: Swinging Strike
0-2: Strikes out swinging
Batting: LHB Bill Gower 0-0: Fly out, F9 (Flyball, 9D, EV 105.0 MPH)
Top of the 3rd over - 0 runs, 0 hits, 0 errors, 0 left on base; Cronulla 0 - Carlton 0
BOTTOM OF THE 3RD
Carlton Blues batting - Pitching for Cronulla Sharks : RHP Cavill Stupples
Batting: RHB Ben Brennan 0-0: Foul Ball, location: 9LDF
0-1: Called Strike
0-2: Ball
1-2: Ball
2-2: Strikes out swinging
Batting: LHB Michael Morrall 0-0: Ball
1-0: Ball
2-0: Called Strike
2-1: Foul Ball, location: 2F
2-2: SINGLE (Flyball, 8RS, EV 99.4 MPH)
Batting: LHB Chris McFadgean 0-0: Fly out, F7 (Flyball, 7D, EV 105.6 MPH)
Batting: RHB Nick Camira 0-0: Ball
1-0: Called Strike
1-1: Ball
2-1: Ball
3-1: SINGLE (Groundball, 56D, EV 96.9 MPH)
Michael Morrall to second
Batting: LHB Hau Kapena 0-0: Called Strike
0-1: Foul Ball, location: 3FF
0-2: Foul Ball, location: 2F
0-2: Foul Ball, location: 25F
0-2: Strikes out swinging
Bottom of the 3rd over - 0 runs, 2 hits, 0 errors, 2 left on base; Cronulla 0 - Carlton 0
TOP OF THE 4TH
Cronulla Sharks batting - Pitching for Carlton Blues : RHP Mark Finlay
Batting: RHB Asa Thatcher 0-0: Called Strike
0-1: Swinging Strike
0-2: Foul Ball, location: 9LSF
0-2: Foul Ball, location: 9LSF
0-2: Ball
1-2: Foul Ball, location: 7LDF
1-2: Ball
2-2: Ball
3-2: Ground out 6-3 (Groundball, 6, EV 94.4 MPH)
Batting: RHB Mark Ryan 0-0: DOUBLE (Line Drive, 8RXD, EV 104.4 MPH)
Batting: RHB Ollie Bullivant 0-0: Called Strike
0-1: Foul Ball, location: 3F
0-2: Strikes out swinging
Batting: SHB Tony Alvarado 0-0: Ball
1-0: Ball
2-0: Ball
3-0: Called Strike
3-1: Base on Balls
Batting: SHB Bruno Collick 0-0: Ball
1-0: Ball
2-0: Fly out, F2 (Popup, 3SF, EV 76.9 MPH)
Top of the 4th over - 0 runs, 1 hit, 0 errors, 2 left on base; Cronulla 0 - Carlton 0
BOTTOM OF THE 4TH
Carlton Blues batting - Pitching for Cronulla Sharks : RHP Cavill Stupples
Batting: LHB Brant Rice 0-0: Ball
1-0: Ground out 6-3 (Groundball, 4, EV 85.6 MPH)
Batting: RHB Donny Creaser 0-0: Ground out 5-3 (Groundball, 5, EV 82.5 MPH)
Batting: SHB Mark Finlay 0-0: Ball
1-0: Swinging Strike
1-1: Foul Ball, location: 2F
1-2: Ground out 4-3 (Groundball, 4D, EV 105.0 MPH)
Bottom of the 4th over - 0 runs, 0 hits, 0 errors, 0 left on base; Cronulla 0 - Carlton 0
TOP OF THE 5TH
Cronulla Sharks batting - Pitching for Carlton Blues : RHP Mark Finlay
Batting: RHB Cavill Stupples 0-0: Ball
1-0: Ball
2-0: Ball
3-0: Swinging Strike
3-1: Foul Ball, location: 3SF
3-2: Strikes out swinging
Batting: LHB Nick Jeffcoate 0-0: Foul Ball, location: 3FF
0-1: Called Strike
0-2: Ball
1-2: TRIPLE (Line Drive, 89XD, EV 101.3 MPH)
Batting: RHB Sloan Windus 0-0: Ball
1-0: Ground out 6-3 (Groundball, 6, EV 104.4 MPH)
Nick Jeffcoate scores
Batting: LHB Bill Gower 0-0: Ball
1-0: Foul Ball, location: 7LSF
1-1: Fly out, F8 (Flyball, 8LD, EV 105.6 MPH)
Top of the 5th over - 1 run, 1 hit, 0 errors, 0 left on base; Cronulla 1 - Carlton 0
BOTTOM OF THE 5TH
Carlton Blues batting - Pitching for Cronulla Sharks : RHP Cavill Stupples
Batting: LHB Cane Walburn 0-0: Called Strike
0-1: Fly out, F8 (Flyball, 8LM, EV 95.0 MPH)
Batting: RHB Ben Brennan 0-0: Called Strike
0-1: DOUBLE (Flyball, 8LXD, EV 102.5 MPH)
Batting: LHB Michael Morrall 0-0: Ball
1-0: Ball
2-0: Fly out, F9 (Flyball, 9D, EV 106.9 MPH)
Runner from 2nd tags up, SAFE at 3rd, no throw by RF
Batting: LHB Chris McFadgean 0-0: Ball
1-0: Foul Ball, location: 2F
1-1: Ball
2-1: Swinging Strike
2-2: Ground out U3 (Groundball, 3L, EV 110.0 MPH)
Bottom of the 5th over - 0 runs, 1 hit, 0 errors, 1 left on base; Cronulla 1 - Carlton 0
TOP OF THE 6TH
Cronulla Sharks batting - Pitching for Carlton Blues : RHP Mark Finlay
Batting: RHB Asa Thatcher 0-0: DOUBLE (Line Drive, 7LM, EV 105.0 MPH)
Batting: RHB Mark Ryan 0-0: Ball
1-0: Called Strike
1-1: Called Strike
1-2: Foul Ball, location: 2F
1-2: Strikes out swinging
Batting: RHB Ollie Bullivant 0-0: Fly out, F8 (Flyball, 89S, EV 93.1 MPH)
Batting: SHB Tony Alvarado 0-0: Ball
1-0: Ball
2-0: Fly out, F9 (Flyball, 89S, EV 93.8 MPH)
Top of the 6th over - 0 runs, 1 hit, 0 errors, 1 left on base; Cronulla 1 - Carlton 0
BOTTOM OF THE 6TH
Carlton Blues batting - Pitching for Cronulla Sharks : RHP Cavill Stupples
Batting: RHB Nick Camira 0-0: Ball
1-0: Ground out 5-3 (Groundball, 5, EV 104.4 MPH)
Batting: LHB Hau Kapena 0-0: Called Strike
0-1: Foul Ball, location: 7LDF
0-2: Ball
1-2: Ball
2-2: Fly out, F5 (Popup, 5F, EV 79.4 MPH)
Batting: LHB Brant Rice 0-0: Foul Ball, location: 3F
0-1: Ball
1-1: Fly out, F9 (Flyball, 9S, EV 96.3 MPH)
Bottom of the 6th over - 0 runs, 0 hits, 0 errors, 0 left on base; Cronulla 1 - Carlton 0
TOP OF THE 7TH
Cronulla Sharks batting - Pitching for Carlton Blues : RHP Mark Finlay
Batting: SHB Bruno Collick 0-0: Swinging Strike
0-1: Ball
1-1: Swinging Strike
1-2: Ball
2-2: Foul Ball, location: 9LDF
2-2: Ball
3-2: Foul Ball, location: 7LDF
3-2: SINGLE (Groundball, 4D, EV 95.0 MPH)
Batting: RHB Cavill Stupples 0-0: Bunted foul
0-1: Bunted foul
0-2: Ball
1-2: Bunted foul, Strikeout!
Pitching: LHP Zain Bolt
Batting: LHB Nick Jeffcoate 0-0: Ball
1-0: Foul Ball, location: 2F
1-1: Grounds into double play, 6-4-3 (Groundball, 56, EV 104.4 MPH)
Top of the 7th over - 0 runs, 1 hit, 0 errors, 0 left on base; Cronulla 1 - Carlton 0
BOTTOM OF THE 7TH
Carlton Blues batting - Pitching for Cronulla Sharks : RHP Cavill Stupples
Pitching: RHP Graeme Humphreys
Batting: RHB Donny Creaser 0-0: Ball
1-0: Ball
2-0: Foul Ball, location: 23F
2-1: Foul Ball, location: 3SF
2-2: Strikes out swinging
Pinch Hitting: SHB Terry Heath 0-0: Foul Ball, location: 9LSFF
0-1: Swinging Strike
0-2: SOLO HOME RUN (Flyball, 7LD, EV 91.9 MPH), Distance : 345 ft
Batting: LHB Cane Walburn 0-0: Ball
1-0: Ball
2-0: Ball
3-0: Called Strike
3-1: Foul Ball, location: 25F
3-2: SINGLE (Line Drive, 4MD, EV 101.9 MPH)
Batting: RHB Ben Brennan 0-0: Ball
1-0: Foul Ball, location: 9LSF
1-1: Ball
2-1: Fielders Choice at 2nd, 4-6 (Groundball, 4M, EV 91.3 MPH)
Batting: LHB Michael Morrall 0-0: Ball
1-0: Ball
2-0: Ball
Ben Brennan is caught stealing 2nd base 2-6
Bottom of the 7th over - 1 run, 2 hits, 0 errors, 0 left on base; Cronulla 1 - Carlton 1
TOP OF THE 8TH
Cronulla Sharks batting - Pitching for Carlton Blues : LHP Zain Bolt
Pitching: LHP Mitch Flegg
Batting: RHB Sloan Windus 0-0: Ball
1-0: Ball
2-0: Foul Ball, location: 5F
2-1: Foul Ball, location: 2F
2-2: Ball
3-2: Strikes out looking
Pinch Hitting: RHB Kirby Penfold 0-0: Ball
1-0: Called Strike
1-1: Foul Ball, location: 2F
1-2: Strikes out swinging, 2-3 out at first.
Batting: RHB Asa Thatcher 0-0: Called Strike
0-1: Ball
1-1: Ball
2-1: Ball
3-1: SOLO HOME RUN (Flyball, 89XD, EV 93.8 MPH), Distance : 368 ft
Batting: RHB Mark Ryan 0-0: Called Strike
0-1: Ball
1-1: Foul Ball, location: 9LDF
1-2: Foul Ball, location: 2LF
1-2: Ball
2-2: Foul Ball, location: 2F
2-2: SINGLE (Groundball, 5D, EV 103.1 MPH)
Batting: RHB Ollie Bullivant 0-0: Called Strike
0-1: Ball
1-1: Ground out 4-3 (Groundball, 4, EV 106.9 MPH)
Top of the 8th over - 1 run, 2 hits, 0 errors, 1 left on base; Cronulla 2 - Carlton 1
BOTTOM OF THE 8TH
Carlton Blues batting - Pitching for Cronulla Sharks : RHP Graeme Humphreys
Now in LF: John Fay
Batting: LHB Michael Morrall 0-0: Fly out, F7 (Flyball, 7D, EV 86.3 MPH)
Batting: LHB Chris McFadgean 0-0: SOLO HOME RUN (Flyball, 9D, EV 95.0 MPH), Distance : 341 ft
Batting: RHB Nick Camira 0-0: Ball
1-0: Called Strike
1-1: Ball
2-1: Foul Ball, location: 5FF
2-2: Foul Ball, location: 2F
2-2: Foul Ball, location: 5FF
2-2: Foul Ball, location: 2F
2-2: Foul Ball, location: 9LDF
2-2: Ball
3-2: Foul Ball, location: 9LDF
3-2: Strikes out looking
Batting: LHB Hau Kapena 0-0: Foul Ball, location: 23FF
0-1: Ball
1-1: Swinging Strike
1-2: Ball
2-2: Foul Ball, location: 2F
2-2: Strikes out swinging
Bottom of the 8th over - 1 run, 1 hit, 0 errors, 0 left on base; Cronulla 2 - Carlton 2
TOP OF THE 9TH
Cronulla Sharks batting - Pitching for Carlton Blues : LHP Mitch Flegg
Batting: SHB Tony Alvarado 0-0: Called Strike
0-1: Called Strike
0-2: Ball
1-2: Strikes out swinging
Pinch Hitting: RHB John Elkington 0-0: Called Strike
0-1: Ball
1-1: Fly out, F8 (Flyball, 8RD, EV 98.8 MPH)
Pinch Hitting: RHB Louis Belcher 0-0: Swinging Strike
0-1: Ball
1-1: Swinging Strike
1-2: Foul Ball, location: 9LDF
1-2: Ball
2-2: Strikes out swinging
Top of the 9th over - 0 runs, 0 hits, 0 errors, 0 left on base; Cronulla 2 - Carlton 2
BOTTOM OF THE 9TH
Carlton Blues batting - Pitching for Cronulla Sharks : RHP Graeme Humphreys
Pitching: RHP Coltyn Beardsley
Now at C: Louis Belcher
Batting: LHB Brant Rice 0-0: Called Strike
0-1: Foul Ball, location: 7LSF
0-2: Foul Ball, location: 3FF
0-2: Ball
1-2: Strikes out swinging
Pinch Hitting: LHB Billy Asquith 0-0: Ball
1-0: Fly out, F9 (Flyball, 89M, EV 80.6 MPH)
Pinch Hitting: RHB Alan Francombe 0-0: Ball
1-0: TRIPLE (Flyball, 89XD, EV 99.4 MPH)
Batting: LHB Cane Walburn 0-0: Intentional Walk
Batting: RHB Ben Brennan 0-0: Ball
1-0: Foul Ball, location: 5F
1-1: Called Strike
1-2: 3-RUN HOME RUN (Flyball, 7LD, EV 96.3 MPH), Distance : 353 ft
Bottom of the 9th over - 3 runs, 2 hits, 0 errors, 0 left on base; Cronulla 2 - Carlton 5
Saturday, May 4th , 2024 - OOTP Baseball 24.9 Build 80